Map: Acropolis LE

Players

MonkeyDragon - Winner!

  • Race: Terran Terran
  • League: Master
  • Spawn Location: 11:00

Mez

  • Race: Terran Terran
  • League: Master
  • Spawn Location: 5:00

VOD

Have the link to the VOD?

Description

Time

  • Played on: July 31, 2019, 1:58 p.m.
  • Length: 10:48
Show
View Real Time Build Order
Export as new Build Order

MonkeyDragon Terran - Winner!

Build Orders: Gas First Reaper Expand, Hellion Opening 

Get SALT Encoding   

  12  0:00  SCV  
  13  0:13  SCV  
  14  0:17  Supply Depot  
  14  0:25  SCV  
  14  0:27  Refinery  
  15  0:38  SCV  
  16  0:44  Barracks  
  16  0:50  SCV  
  17  1:03  SCV  
  18  1:15  SCV  
  19  1:30  Orbital Command  
  19  1:32  Reaper  
  20  1:40  Command Center  
  20  1:51  Factory  
  20  1:56  SCV  
  21  2:04  Supply Depot  
  21  2:05  Barracks Reactor  
  21  2:11  SCV  
  21  2:14  Refinery  
  22  2:23  SCV  
  23  2:35  SCV  
  24  2:47  Hellion x2, SCV, Barracks Tech Lab  
  24  2:48  Starport  
  29  2:52  Orbital Command  
  29  2:59  SCV  
  30  3:07  Marauder  
  30  3:08  Hellion  
  30  3:10  Hellion  
  36  3:15  SCV  
  37  3:25  Medivac  
  37  3:27  Concussive Shells  
  39  3:28  Marauder  
  39  3:29  SCV  
  39  3:33  Supply Depot  
  42  3:38  Hellion  
  44  3:41  Hellion  
  46  3:54  SCV x2  
  46  3:55  Marauder, Starport Tech Lab, Supply Depot  
  50  4:00  Hellion  
  52  4:06  SCV  
  52  4:07  SCV  
  54  4:14  Hellion  
  54  4:16  Raven  
  56  4:18  Supply Depot  
  56  4:25  SCV x2  
  56  4:44  Hellion x2, SCV x2  
  61  4:53  Command Center  
  57  5:01  SCV x2  
  57  5:02  Raven, Marine  
  57  5:04  Stimpack  
  60  5:07  Barracks  
  60  5:08  Barracks  
  60  5:27  SCV x2  
  60  5:29  Marine  
  61  5:37  Refinery, Barracks, Supply Depot  
  61  5:38  Refinery, Barracks  
  61  5:39  SCV x2  
  63  5:43  Engineering Bay  
  63  5:44  Engineering Bay  
  63  5:45  Raven  
  65  5:50  Factory Tech Lab  
  65  5:51  SCV, Marine  
  67  6:01  SCV  
  67  6:03  SCV  
  69  6:07  Orbital Command, Supply Depot  
  69  6:13  Barracks Reactor  
  69  6:14  Barracks Reactor, SCV, Barracks Tech Lab  
  69  6:15  SCV  
  71  6:25  Marine  
  72  6:26  SCV, Marine x2  
  72  6:27  SCV  
  72  6:32  Siege Tank, SCV  
  80  6:37  Starport Reactor  
  80  6:38  SCV  
  81  6:43  Marine  
  81  6:44  Marine  
  81  6:50  SCV x2  
  81  6:51  SCV  
  81  6:52  Marine x6  
  90  7:01  Marine  
  91  7:02  SCV x2  
  91  7:04  Siege Tank  
  96  7:09  Combat Shield, Marine x2  
  93  7:19  SCV x3  
  93  7:22  Viking x2  
  100  7:23  Marine  
  100  7:26  Terran Infantry Armor Level 1, Terran Infantry Weapons Level 1  
  100  7:28  Marine x2, Supply Depot  
  100  7:29  Supply Depot  
  100  7:31  SCV  
  97  7:38  SCV x2, Marine x2  
  97  7:40  Marine x2  
  101  7:49  Marine  
  101  7:50  Siege Tank, SCV x2, Marine x2  
  109  7:53  SCV  
  109  7:54  Supply Depot  
  109  7:56  Refinery  
  109  7:57  Refinery  
  109  7:58  Command Center  
  110  8:01  Marine x4  
  110  8:02  Viking x2, SCV  
  110  8:03  SCV  
  106  8:14  Marine x4  
  101  8:21  Marine  
  101  8:22  Marine x3  
  101  8:24  SCV, Armory  
  101  8:25  SCV x2  
  108  8:32  Marine x2  
  110  8:36  SCV  
  110  8:37  SCV x2  
  110  8:40  Marine  
  110  8:41  Marine x4  
  114  8:43  Medivac x2  
  114  8:45  Siege Tank  
  123  8:49  SCV  
  123  8:50  SCV  
  123  8:52  Marine x3  
  128  8:58  Missile Turret  
  128  8:59  Factory  
  128  9:01  Missile Turret, Marine x3  
  131  9:04  SCV x2  
  131  9:05  Missile Turret  
  131  9:09  Missile Turret, Marine x2  
  134  9:10  Marine  
  136  9:18  Siege Tank  
  139  9:26  SCV x2  
  141  9:37  Sensor Tower  
  124  9:56  SCV x2  
  124  9:57  Planetary Fortress  
  124  9:59  Marine x3  
  127  10:00  Marine x5  
  127  10:01  Viking x2, Siege Tank  
  127  10:02  Factory Tech Lab  
  141  10:13  Barracks x2  
  141  10:17  Marine x4  
  141  10:19  Refinery  
  145  10:22  Refinery  
  145  10:25  Sensor Tower  
  145  10:26  Sensor Tower  
  145  10:28  Marine x2  
  145  10:29  Marine x2  
Show
View Real Time Build Order
Export as new Build Order

Mez Terran 

Build Orders:  

Get SALT Encoding   

  12  0:00  SCV  
  13  0:13  SCV  
  14  0:17  Supply Depot  
  14  0:25  SCV  
  15  0:38  SCV  
  15  0:40  Barracks  
  16  0:44  Refinery  
  16  0:50  SCV  
  17  1:00  Barracks  
  17  1:03  SCV  
  18  1:12  Refinery  
  18  1:15  SCV  
  19  1:28  SCV  
  20  1:36  Reaper  
  21  1:40  Orbital Command  
  21  1:47  Supply Depot  
  21  1:48  Reaper  
  22  2:06  SCV  
  23  2:09  Reaper  
  24  2:18  SCV  
  25  2:23  Command Center  
  25  2:28  Reaper  
  26  2:30  SCV  
  26  2:34  Supply Depot  
  27  2:41  Reaper  
  28  2:47  SCV  
  28  2:51  Barracks  
  29  2:59  SCV  
  29  3:02  Barracks Tech Lab  
  30  3:10  Supply Depot  
  30  3:11  SCV  
  31  3:18  Barracks Reactor  
  31  3:23  SCV  
  32  3:35  SCV  
  32  3:36  Stimpack, Marauder  
  32  3:39  Barracks Reactor  
  35  3:42  Orbital Command  
  35  3:43  Engineering Bay  
  35  3:49  Supply Depot  
  35  3:52  SCV  
  36  3:57  Marine x2  
  38  4:02  Marine  
  38  4:04  SCV  
  40  4:10  SCV  
  39  4:30  Marine x5  
  38  4:40  SCV  
  38  4:45  Factory  
  30  4:48  Marine  
  28  5:00  Marine x4  
  31  5:07  Terran Infantry Weapons Level 1  
  31  5:08  Supply Depot  
  29  5:15  SCV x2  
  27  5:30  Marine x4  
  27  5:31  Marine  
  32  5:37  Command Center  
  32  5:44  Combat Shield  
  32  5:48  Marine  
  33  5:50  Starport, Factory Reactor  
  33  5:54  SCV x2  
  35  6:04  Marine x3  
  35  6:06  SCV x2  
  40  6:13  Armory  
  40  6:18  SCV x2  
  42  6:21  Engineering Bay  
  42  6:30  SCV x2  
  42  6:32  Marine x5  
  48  6:36  Medivac x2  
  53  6:42  SCV x2  
  51  6:49  Marine  
  51  6:50  Marine  
  47  7:06  Marine x3  
  47  7:07  Marine x2  
  40  7:17  SCV  
  38  7:22  Command Center  
  38  7:23  Marine  
  38  7:24  Marine x2  
  38  7:25  Marine x2  
  38  7:29  SCV  
  42  7:31  Orbital Command  
  41  7:41  Marine x3  
  41  7:43  Marine x2  
  46  7:59  Marine x3  
  46  8:01  Marine x2  
  41  8:17  Marine x3  
  41  8:19  Marine x2  
  42  8:22  SCV x2  
  44  8:30  Medivac x2  
  48  8:35  SCV x2, Marine x3  
  48  8:36  Marine  
  53  8:41  Marine  
  53  8:47  SCV x2  
  56  8:52  Marine  
  56  8:53  Marine  
  58  8:58  Marine x2  
  58  8:59  SCV x2  
  62  9:03  Orbital Command  
  62  9:06  Refinery  
  62  9:11  SCV x2  
  62  9:15  Marine  
  62  9:16  Marine x3  
  68  9:19  Marine  
  68  9:23  SCV x2  
  70  9:33  Marine x2  
  70  9:34  Marine x2  
  70  9:36  Marine  
  67  9:51  Marine x3  
  67  9:52  Marine  
  54  9:55  SCV x3  
  54  9:57  Factory Tech Lab  
  54  9:58  Medivac x2  
  62  10:09  Marine x2  
  63  10:15  Barracks, Orbital Command  
  63  10:16  Barracks  
  63  10:18  SCV x2  
  63  10:19  Marine  
  63  10:20  Marine x2  
  67  10:27  Marine  
Tags
 
Add a new tag
Caveats
  • Supply blocks, unpowered buildings, or Contaminate may cause inaccurate times.
  • Supply counts are checked every 10 seconds.